 Dungeon Crawl Stone Soup version 0.28-a0-1447-ga5a8893891 (webtiles) character file.

Game seed: 16468451271720271047

28 hashsling the Gusty (level 3, 19/19 HPs)
             Began as a Tengu Air Elementalist on Jan 11, 2022.
             Was a Follower of Jiyva.
             Quit the game on level 1 of the Dungeon.
             The game lasted 00:03:47 (1082 turns).

hashsling the Gusty (Tengu Air Elementalist)        Turns: 1082, Time: 00:03:47

Health: 19/19      AC:  2    Str:  8    XL:     3   Next: 14%
Magic:  7/7        EV: 12    Int: 17    God:    Jiyva [*.....]
Gold:   24         SH:  0    Dex: 14    Spells: 5/6 levels left

rFire   . . .      SeeInvis .   d - +0 mace
rCold   . . .      Faith    .   (no shield)
rNeg    . . .      Spirit   .   a - +0 robe
rPois   +          Reflect  .   (helmet restricted)
rElec   .          Harm     .   (no cloak)
rCorr   .          Rampage  .   (no gloves)
Will    .....                   (boots unavailable)
Stlth   ++........              (no amulet)
HPRegen 0.86/turn               e - ring of poison resistance
MPRegen 0.35/turn               (no ring)

@: no status effects
A: beak, talons 3
a: Renounce Religion


You were on level 1 of the Dungeon.
You worshipped Jiyva.
Jiyva was aware of your devotion.
You visited 1 branch of the dungeon, and saw 1 of its levels.

You collected 24 gold pieces.

Inventory:

Hand Weapons
 d - a +0 mace (weapon)
Armour
 a - a +0 robe (worn)
Jewellery
 e - a ring of poison resistance (left hand)
Scrolls
 b - a scroll of immolation {unknown}
 c - a scroll of enchant armour {unknown}
Potions
 f - a potion of resistance {unknown}
 g - a potion of heal wounds {unknown}
 h - a potion of ambrosia {unknown}


   Skills:
 + Level 2.4 Dodging
 - Level 2.0 Stealth
 * Level 2.3 Spellcasting
 * Level 2.3 Conjurations
 * Level 4.6 Air Magic


You had 5 spell levels left.
You knew the following spells:

 Your Spells              Type           Power      Damage    Failure   Level
a - Shock                 Conj/Air       52%        1d6       4%          1

Your spell library contained the following spells:

 Spells                   Type           Power      Damage    Failure   Level
 Static Discharge         Conj/Air       13%        N/A       7%          2
 Swiftness                Air            17%        N/A       9%          3
 Airstrike                Air            8%         N/A       28%         4


Dungeon Overview and Level Annotations

Branches:
Dungeon (1/15)

Altars:
Jiyva


Innate Abilities, Weirdness & Mutations

You have a beak for a mouth.
You have claws for feet.


Message History

There is an open door here.
You hear a distant slurping noise.
There is an open door here.
You hear a distant slurping noise.
There is a large open door here.
There is a large open door here.
You open the large door.
There is a large open door here.
There is a large open door here.
There is a large open door here.
There is a large open door here.
You hear a distant slurping noise.
Found a scale mail.
You see here a +0 scale mail.
A hobgoblin comes into view.
The zap hits the hobgoblin.
The hobgoblin is severely wounded.
The zap misses the hobgoblin.
You hit the hobgoblin but do no damage.
The hobgoblin is severely wounded.
The hobgoblin completely misses you.
You hear a distant slurping noise.
You hear a squelching noise.
The hobgoblin hits you but does no damage.
You closely miss the hobgoblin. Your kick misses the hobgoblin.
The hobgoblin is severely wounded.
You hear a distant slurping noise.
The hobgoblin closely misses you.
You barely miss the hobgoblin.
You claw the hobgoblin, but do no damage.
The hobgoblin is severely wounded.
The hobgoblin hits you but does no damage.
You hear a distant slurping noise.
The hobgoblin closely misses you.
You hit the hobgoblin but do no damage. You claw the hobgoblin.
You kill the hobgoblin!
You hear a distant slurping noise.
Partly explored, can't reach some places.
Partly explored, can't reach some places.
Partly explored, can't reach some places.
Are you sure you want to abandon this character and quit the game? (Confirm with "yes".)

#############
#@.........[#
#†#########.#
#.# #.# #.#
#.# #.# #.#
#.# #.# #.#
#.# ##+#####
#.# #......#
#.####


There were no monsters in sight!

Vanquished Creatures
  A dart slug (D:1)
  An endoplasm (D:1)
  A giant cockroach (D:1)
  4 hobgoblins (D:1)
  3 kobolds (D:1)
  2 quokkas (D:1)
  5 ball pythons (D:1)
  8 frilled lizards (D:1)
  2 goblins (D:1)
27 creatures vanquished.

Vanquished Creatures (others)
  4 fungi (D:1)
4 creatures vanquished.

Grand Total: 31 creatures vanquished

Notes
Turn   | Place    | Note
-------+----------+-------------------------------------------
     0 | D:1      | hashsling the Tengu Air Elementalist began the quest for
                  | the Orb.
     0 | D:1      | Reached XP level 1. HP: 10/10 MP: 4/4
   201 | D:1      | Reached XP level 2. HP: 15/15 MP: 0/6
   562 | D:1      | Found a faded altar of an unknown god.
   589 | D:1      | Prayed at the altar of an unknown god.
   589 | D:1      | Became a worshipper of Jiyva Jiteami the Shapeless
   589 | D:1      | Reached * piety under Jiyva
   694 | D:1      | Reached XP level 3. HP: 19/19 MP: 4/7
  1082 | D:1      | Quit the game

Illustrated notes

Levels and vault maps discovered:
D:1:      saegor_arrival_fortress, layout_basic,
          shapermc_ecumenical_altar_rom_forum, minmay_lizard_pond

Skill      XL: |  1  2 |
---------------+-------+-----
Conjurations   | 2 |  2.3
Dodging        | |  2.4
Stealth        | |  2.0
Spellcasting   | |  2.3
Air Magic      | |  4.6

Action                   || total
-------------------------++-------
Melee: Mace              ||     6
       Unarmed           ||     2
       Kick              ||     2
 Cast: Shock             ||    49
Armor: Robe              ||     3
Dodge: Dodged            ||     7

Table legend: (Time is in decaauts)
 A = Elapsed time spent in this place.
 B = Non-inter-level travel time spent in this place.
 C = Inter-level travel time spent in this place.
 D = Time resting spent in this place.
 E = Time spent auto-exploring this place.
 F = Levels seen in this place.
 G = Mean time per level.
                   A        B        C        D        E       F      G
               +--------+--------+--------+--------+--------+-----+--------+
         Total |   1083 |   1083 |      0 |      0 |    917 |   1 | 1083.0 |
       Dungeon |   1083 |   1083 |      0 |      0 |    917 |   1 | 1083.0 |
               +--------+--------+--------+--------+--------+-----+--------+

Top non-repeatable levels by time:
     D:1: 1083 daAuts
